 Dungeon Crawl Stone Soup version 0.30-a0-845-g7c6808c8ce (webtiles) character file.

Game seed: 368691074698978366

284126 octoduck the Stormcaller (level 19, -16/112 HPs)
             Began as a Deep Elf Conjurer on Feb 21, 2023.
             Was a High Priest of Sif Muna.
             Demolished by a war gargoyle
             ... wielding a +0 morningstar
             ... led by a peacekeeper
              (39 damage)
             ... on level 2 of the Vaults on Mar 2, 2023.
             The game lasted 05:59:00 (107757 turns).

octoduck the Stormcaller (Deep Elf Conjurer)      Turns: 107757, Time: 05:59:00

Health: -16/112    AC: 12    Str:  9    XL:     19   Next: 77%
Magic:  0/42       EV: 22    Int: 38    God:    Sif Muna [*****.]
Gold:   1077       SH:  6    Dex: 21    Spells: 2/52 levels left

rFire   + . .      SeeInvis +    d - staff of conjuration
rCold   + + .      Faith    +    m - +0 buckler of Compression {rN+ Will+ Int+2 Dex+2}
rNeg    + . .      Spirit   .    t - +2 robe {rC+ rF+}
rPois   +          Reflect  .    w - +2 hat
rElec   +          Rampage  .    f - +1 cloak of the Unbroken {Will+ Str+3 Dex-2}
rCorr   .                        A - +2 pair of gloves {Stlth+}
Will    ++++.                    Y - +0 pair of boots
Stlth   +++                      x - amulet of Xom's Ringing Laughter {Faith rElec Str+2 SInv}
HPRegen 0.38/turn                c - ring of Emyellixt {rPois Int+6 Dex+6 Stlth-}
MPRegen 0.28/turn                Q - ring "Tikeyn" {rC+ Will+}

@: no status effects
A: no striking features
}: 2/15 runes: decaying, serpentine
a: Renounce Religion, Channel Magic, Forget Spell, Divine Exegesis


You were on level 2 of the Vaults.
You worshipped Sif Muna.
Sif Muna was extremely pleased with you.
You visited 9 branches of the dungeon, and saw 37 of its levels.

You collected 3113 gold pieces.
You spent 2036 gold pieces at shops.

Inventory:

Hand Weapons
 i - the +8 scimitar "Zuwos" {heavy, rElec Dex+8}
   (You found it on level 1 of the Swamp)

   Dex:       It affects your dexterity (+8).
   rElec:     It insulates you from electricity.
Missiles
 F - 4 throwing nets
Armour
 f - the +1 cloak of the Unbroken (worn) {Will+ Str+3 Dex-2}
   (You acquired it on level 2 of the Lair of Beasts)

   Str:       It affects your strength (+3).
   Dex:       It affects your dexterity (-2).
   Will:      It increases your willpower.
 m - the +0 buckler of Compression (worn) {rN+ Will+ Int+2 Dex+2}
   (You acquired it on level 2 of the Lair of Beasts)

   Int:       It affects your intelligence (+2).
   Dex:       It affects your dexterity (+2).
   rN:        It protects you from negative energy.
   Will:      It increases your willpower.
 t - a +2 robe of resistance (worn)
 w - a +2 hat (worn)
 A - a +2 pair of gloves of stealth (worn)
 Y - a +0 pair of boots (worn)
Magical Staves
 d - a staff of conjuration (weapon)
 K - a staff of air
Jewellery
 c - the ring of Emyellixt (left hand) {rPois Int+6 Dex+6 Stlth-}
   (You took it off a deep elf blademaster on level 3 of the Elven Halls)

   [ring of dexterity]

   Int:       It affects your intelligence (+6).
   Dex:       It affects your dexterity (+6).
   rPois:     It protects you from poison.
   Stlth:     It makes you less stealthy.
 e - a ring of protection from fire
 x - the amulet of Xom's Ringing Laughter (around neck) {Faith rElec Str+2 SInv}
   (You took it off a deep elf demonologist on level 3 of the Elven Halls)

   [amulet of faith]

   It allows you to gain divine favour quickly.
   Str:       It affects your strength (+2).
   rElec:     It insulates you from electricity.
   SInv:      It lets you see invisible.
 L - the ring of Jaymaoz {AC+4 Dex+3}
   (You took it off a deep elf blademaster on level 3 of the Elven Halls)

   [ring of protection]

   AC:        It affects your AC (+4).
   Dex:       It affects your dexterity (+3).
 N - the ring of the Barracuda {+Blink rC+ Int+6}
   (You took it off a deep elf master archer on level 3 of the Elven Halls)

   [ring of intelligence]

   Int:       It affects your intelligence (+6).
   rC:        It protects you from cold.
   +Blink:    It lets you blink.
 Q - the ring "Tikeyn" (right hand) {rC+ Will+}
   (You took it off an orc on level 11 of the Dungeon)

   [ring of willpower]

   rC:        It protects you from cold.
   Will:      It increases your willpower.
Wands
 n - a wand of iceblast (18)
 u - a wand of flame (32)
 y - a wand of polymorph (9)
 G - a wand of light (7)
 H - a wand of digging (9)
 V - a wand of paralysis (20)
 Z - a wand of mindburst (11)
Scrolls
 a - 2 scrolls of silence
 h - 13 scrolls of teleportation
 l - 3 scrolls of summoning
 q - 4 scrolls of poison
 z - a scroll of fear
 B - 2 scrolls of amnesia
 D - 7 scrolls of fog
 I - 7 scrolls of enchant weapon
 O - 2 scrolls of magic mapping
 R - 5 scrolls of enchant armour
 S - 4 scrolls of brand weapon
 W - 2 scrolls of blinking
Potions
 b - 3 potions of magic
 g - 7 potions of might
 j - 14 potions of curing
 o - 9 potions of brilliance
 p - 4 potions of cancellation
 r - 7 potions of heal wounds
 s - a potion of invisibility
 v - 3 potions of flight
 C - 2 potions of berserk rage
 J - 2 potions of haste
 M - a potion of resistance
 U - 5 potions of ambrosia
Miscellaneous
 E - a phial of floods
 P - a condenser vane
 T - a lightning rod (4/4)


   Skills:
 + Level 9.7 Fighting
 - Level 13.9 Dodging
 - Level 4.5 Stealth
 - Level 3.7 Shields
 - Level 17.1 Spellcasting
 - Level 17.0 Conjurations
 - Level 11.2 Hexes
 - Level 8.0 Necromancy
 - Level 5.5 Translocations
 - Level 6.0 Transmutations
 + Level 18.5 Air Magic
 - Level 9.4 Earth Magic
 - Level 12.5 Invocations


You had 2 spell levels left.
You knew the following spells:

 Your Spells              Type           Power      Damage    Failure   Level
a - Magic Dart            Conj           100%       1d8       0%          1
b - Airstrike             Air            54%        2d(8-24)  0%          4
c - Maxwell's Capacitive  Air            54%        ∞         4%          8
d - Swiftness             Air            100%       N/A       0%          3
f - Orb of Destruction    Conj           63%        9d15      1%          7
g - Lightning Bolt        Conj/Air       64%        1d88      1%          5
h - Yara's Violent Unrav  Hex/Tmut       39%        3d16      1%          5
i - Iron Shot             Conj/Erth      58%        9d11      1%          6
j - Borgnjor's Vile Clut  Necr/Erth      39%        N/A       1%          5
k - Conjure Ball Lightni  Conj/Air       64%        3x3d23    1%          6

Your spell library contained the following spells:

 Spells                   Type           Power      Damage    Failure   Level
 Kiss of Death            Conj/Necr      100%       2d13      0%          1
 Shock                    Conj/Air       100%       1d9       0%          1
 Searing Ray              Conj           100%       2d8       0%          2
 Static Discharge         Conj/Air       100%       2-7/arc   0%          2
 Apportation              Tloc           100%       N/A       1%          1
 Beastly Appendage        Tmut           100%       N/A       1%          1
 Necrotise                Necr           100%       1d9       1%          1
 Sting                    Tmut/Pois      100%       1d8       1%          1
 Summon Small Mammal      Summ           100%       N/A       1%          1
 Blink                    Tloc           100%       N/A       1%          2
 Cigotuvi's Dreadful Rot  Necr/Pois/Air  100%       N/A       1%          2
 Ensorcelled Hibernation  Hex/Ice        100%       N/A       1%          2
 Passwall                 Tmut/Erth      61%        N/A       1%          2
 Poisonous Vapours        Pois/Air       100%       N/A       1%          2
 Sublimation of Blood     Necr           76%        N/A       1%          2
 Wereblood                Tmut           68%        N/A       1%          2
 Dazzling Flash           Conj/Hex       100%       N/A       0%          3
 Ignite Poison            Fire/Tmut/Pois 47%        N/A       1%          3
 Inner Flame              Hex/Fire       66%        N/A       1%          3
 Kindle Blastsparks       Fire/Tloc/Air  100%       2d18      1%          3
 Mephitic Cloud           Conj/Pois/Air  100%       N/A       1%          3
 Spider Form              Tmut/Pois      53%        N/A       1%          3
 Summon Guardian Golem    Hex/Summ       66%        N/A       1%          3
 Tukima's Dance           Hex            87%        N/A       1%          3
 Vhi's Electric Charge    Tloc/Air       100%       N/A       1%          3
 Animate Armour           Summ/Erth      100%       N/A       1%          4
 Animate Dead             Necr           76%        N/A       1%          4
 Cause Fear               Hex            43%        N/A       1%          4
 Dispel Undead            Necr           76%        3d25      1%          4
 Fulminant Prism          Conj/Hex       59%        3d24      1%          4
 Iskenderun's Mystic Bla  Conj/Tloc      100%       2d19      1%          4
 Leda's Liquefaction      Hex/Erth       42%        N/A       1%          4
 Manifold Assault         Tloc           65%        N/A       1%          4
 Passage of Golubria      Tloc           65%        N/A       1%          4
 Petrify                  Tmut/Erth      74%        N/A       1%          4
 Sticky Flame             Conj/Fire      98%        2d11      1%          4
 Summon Lightning Spire   Summ/Air       80%        N/A       1%          4
 Arcjolt                  Conj/Air       64%        1d74      1%          5
 Irradiate                Conj/Tmut      55%        3d30      1%          5
 Silence                  Hex/Air        49%        N/A       1%          5
 Ice Form                 Ice/Tmut       53%        N/A       3%          4
 Blade Hands              Tmut           34%        N/A       3%          5
 Summon Mana Viper        Hex/Summ       66%        N/A       3%          5
 Starburst                Conj/Fire      49%        6d13      6%          6
 Death Channel            Necr           38%        N/A       7%          6
 Storm Form               Tmut/Air       45%        N/A       7%          7
 Alistair's Intoxication  Tmut/Pois      35%        N/A       11%         5
 Summon Forest            Summ/Tloc      26%        N/A       12%         5
 Olgreb's Toxic Radiance  Pois           32%        N/A       13%         4
 Spellforged Servitor     Conj/Summ      49%        N/A       32%         7
 Lehudib's Crystal Spear  Conj/Erth      58%        10d13     36%         8
 Discord                  Hex            43%        N/A       63%         8
 Chain Lightning          Conj/Air       64%        3d86      65%         9
 Summon Cactus Giant      Summ           16%        N/A       89%         6
 Disjunction              Tloc           32%        N/A       100%        8
 Summon Horrible Things   Summ           16%        N/A       100%        8
 Fire Storm               Conj/Fire      49%        8d12      100%        9
 Shatter                  Erth           40%        3d32*     100%        9


Dungeon Overview and Level Annotations

Branches:
Dungeon (15/15)            Temple (1/1) D:6            Lair (5/5) D:9
  Swamp (4/4) Lair:2        Snake (4/4) Lair:3        Slime (0/5) Lair:5
    Orc (2/2) D:12            Elf (3/3) Orc:2        Vaults (2/5) D:13
  Crypt (0/3) Vaults:2     Depths (1/4) D:15

Altars:
Ashenzari
Cheibriados
Dithmenos
Elyvilon
Fedhas
Gozag
Hepliaklqana
Kikubaaqudgha
Makhleb
Nemelex Xobeh
Okawaru
Qazlal
Ru
Sif Muna
Trog
Uskayaw
Vehumet
Wu Jian
Xom
Yredelemnul
Zin
The Shining One

Shops:
D:1 (   D:5 (   D:8 *(   D:15 *   Orc:2 [*(:   Elf:1 !   Elf:2 ::=   Snake:2 *

Annotations:
Lair:5 1 runed translucent door, Iich's ghost, journeyman HOFi
Swamp:3 Roxanne


Message History

The deep troll twists and deforms.
The unravelling engulfs the deep troll!!
You kill the deep troll!
Sif Muna accepts your kill.
The troll leather armour is intact enough to wear.
The unravelling engulfs the peacekeeper!
The peacekeeper is severely damaged.
You hear a shout!
The peacekeeper roars a battlecry!
The crystal guardian goes into a battle-frenzy!
The crystal guardian fires a crystalline bolt at you.
The crystal bolt misses you.
Casting: Yara's Violent Unravelling (mildly dangerous; 1% risk of failure)
Confirm with . or Enter, or press ? or * to list all spells.
Aiming: Yara's Violent Unravelling (mildly dangerous; 1% risk of failure)
Press: ? - help, Dir - move target, f/p - crystal guardian
Aim: a crystal guardian (almost destroyed, strong)
The crystal guardian's magical effects unravel!
The enchantments explode!
The unravelling engulfs the crystal guardian!
You destroy the crystal guardian!
Sif Muna accepts your kill.
The unravelling engulfs the peacekeeper!!
You destroy the peacekeeper!
Sif Muna accepts your kill.
The unravelling engulfs the war gargoyle but does no damage.
The war gargoyle attacks as you move away!
The war gargoyle hits you with a +0 morningstar!!!
The war gargoyle launches metal splinters at you.
The spray of metal splinters hits you!!!
* * * LOW HITPOINT WARNING * * *
Casting: Yara's Violent Unravelling (mildly dangerous; 1% risk of failure)
Confirm with . or Enter, or press ? or * to list all spells.
Aiming: Iron Shot (dangerous; 1% risk of failure)
Press: ? - help, Shift-Dir - straight line, f - war gargoyle
Aim: a war gargoyle, wielding a +0 morningstar (strong, catching its breath, 95% to hit)
You feel a surge of power!
The iron shot hits the war gargoyle!!!
The war gargoyle is almost destroyed.
The war gargoyle hits you with a +0 morningstar!!!
You die...

**************#########,,*,,,,,*
,,,,,,,,,*,,,,#..#....#,,,,,*,,*
,,,,,,,,,#.,,,#..#....#,,*,,,,,*
,,,,,,,,,#..,,#..#....#,,*,,,,,*
,,,,,,,,,+...##..##...#.u#.T.,,*
,,>,,,,,,#...#....#...#....p*,,*
,,,,,,,,,*............#..pT,#,,*
,,,,,,,,,*,..#...9#[..#...,.#.,*
,,,,,,,,,*,,,##.@##...#u.#[.9.,*
,,,,,,,,,*,,,,#..#....#*.TTp*.,*
,,,,,,,,,*,,,,#..#...[#..#....,*
**********,,,,#†.#....'.T.9...,*
########+#†########'#####***
#...........# *,#,*,,,*, ****
#...........# **,*,*,*,* ,,,*
#..#######..# *,*,*,*,*, ,*∩*
#..#.....#..# **,*,,,,,*


You could see a war gargoyle (strong, catching breath).

Vanquished Creatures
  Rupert (Lair:4)
  A lich (Depths:1)
  4 deep elf blademasters
  Frances (Snake:1)
  4 deep elf master archers (Elf:3)
  Kirke (Lair:5)
  2 thorn hunters
  Donald (Elf:2)
  An azure jelly (Swamp:4)
  Agnes (Snake:1)
  The ghost of freelancePsychic the Fighter, an adept HuHW of Ru (Elf:2)
  6 deep elf sorcerers
  6 nagarajas
  Louise (Snake:4)
  A vault warden (Vaults:2)
  2 ironbound preservers
  An ironbound thunderhulk (Vaults:1)
  An orc warlord (D:12)
  6 deep elf elementalists
  Aizul (Snake:2)
  Nessos (D:13)
  3 deep elf demonologists
  2 eleionomae
  5 deep elf annihilators (Elf:3)
  7 bunyips
  4 deep elf death magi (Elf:3)
  2 fire dragons
  A crystal guardian (Vaults:2)
  An ettin (D:14)
  A great orb of eyes (Vaults:1)
  4 deep elf high priests
  2 ice dragons
  2 vault guards (Vaults:2)
  A peacekeeper (Vaults:2)
  2 catoblepae
  An ogre mage (D:14)
  9 centaur warriors
  A death knight (D:14)
  6 anacondas
  12 hydras
  A salamander tyrant (Snake:4)
  11 boulder beetles
  2 ghost crabs
  14 alligators
  17 death yaks
  10 naga warriors
  A deep troll earth mage (Depths:1)
  9 orc high priests
  3 two-headed ogres
  A deep troll shaman (Lair:5)
  2 tengu warriors (D:15)
  8 shock serpents
  15 naga sharpshooters
  16 deep elf knights
  3 skysharks
  3 salamander mystics
  Amaemon (Lair:2)
  2 sea snakes (Snake:3)
  A skeletal warrior (D:14)
  A death drake (Swamp:3)
  6 goliath frogs
  A swamp dragon (Swamp:1)
  5 bog bodies
  5 deep trolls (Vaults:2)
  6 spriggan druids
  7 naga ritualists
  2 wizards
  3 lindwurms
  10 deep elf archers
  An orange crystal statue (D:15)
  6 orc knights
  28 deep elf pyromancers
  5 orc sorcerers
  15 deep elf zephyrmancers
  A wolf spider (D:14)
  12 mana vipers
  2 fauns (shapeshifter)
  10 ugly things
  4 will-o-the-wisps
  3 oklob plants (Lair:5)
  6 cyclopes
  5 manticores
  6 salamanders
  7 elephants
  31 black mambas
  18 naga magi
  12 guardian serpents
  A vault sentinel (Vaults:2)
  An orange demon (Lair:2)
  A molten gargoyle (D:12)
  7 cane toads
  2 gargoyles
  7 komodo dragons
  2 tengu conjurers (D:15)
  3 yaktaurs
  6 freezing wraiths
  2 efreet (D:14)
  3 meliai (D:14)
  A wind drake (shapeshifter) (D:14)
  4 polar bears
  2 bloated husks
  10 tyrant leeches
  10 trolls
  A tarantella (shapeshifter) (D:15)
  10 hornets
  12 dream sheep
  26 dancing weapons
  14 blink frogs
  9 slime creatures
  3 centaur simulacra
  10 spriggans
  3 air elementals
  43 yaks
  7 water elementals
  3 wraiths
  2 wyverns
  A vampire (D:14)
  A fire elemental (D:12)
  16 humans
  9 basilisks
  4 swamp worm simulacra (Swamp:4)
  11 vampire mosquitoes
  A steam dragon (D:7)
  24 swamp worms
  40 nagas
  4 wargs
  6 acid dragons
  16 hydra simulacra (Swamp:4)
  14 water moccasins
  A floating eye (shapeshifter) (D:14)
  A black bear (shapeshifter) (Elf:1)
  A sky beast (D:8)
  Duvessa (D:7)
  A meliai simulacrum (D:14)
  2 black bears
  37 orc warriors
  5 swamp drakes
  2 ice beasts
  An ice beast (shapeshifter) (D:15)
  The ghost of Palms the Trooper, an amateur BaFi (D:3)
  30 wolves
  4 ogres
  6 boggarts (D:14)
  3 centaurs
  A phantom (D:6)
  3 kobold brigands (D:9)
  13 bullfrogs
  2 necrophages
  A scorpion (D:6)
  2 gnoll sergeants (D:5)
  An earth elemental (Elf:2)
  4 wights (D:6)
  Dowan (D:7)
  3 killer bees (D:6)
  8 howler monkeys
  6 electric eels
  A centaur zombie (D:3)
  3 lava snakes
  3 hounds
  13 orc priests
  3 gnoll boudas
  An iron imp (D:9)
  A jelly (D:8)
  6 iguanas
  32 orc wizards
  7 hell rats (Lair:4)
  A scorpion zombie (D:3)
  10 adders
  24 gnolls
  3 shadow imps
  4 white imps
  2 ufetubi (D:13)
  4 swamp drake simulacra (Swamp:4)
  A dart slug (D:2)
  91 orcs
  8 bats
  13 endoplasms
  5 giant cockroaches
  10 goblins
  10 hobgoblins
  6 jackals
  2 quokkas
  8 ball pythons
  4 frilled lizards
  19 kobolds
  7 rats
  A fire vortex (Lair:5)
  2 fulminant prisms
1246 creatures vanquished.

Vanquished Creatures (collateral kills)
  An ettin (D:15)
  2 centaur warriors (D:14)
  A ball lightning (Vaults:2)
4 creatures vanquished.

Vanquished Creatures (others)
  A spriggan air mage (Swamp:4)
  A deep elf zephyrmancer (Elf:1)
  2 dancing weapons (D:14)
  A basilisk (D:14)
  3 humans (Lair:5)
  A fire elemental (Elf:3)
  15 ball lightnings
  11 foxfires
  441 fulminant prisms
  46 fungi
  73 plants
595 creatures vanquished.

Grand Total: 1845 creatures vanquished

Notes
Turn   | Place    | Note
-------+----------+-------------------------------------------
     0 | D:1      | octoduck the Deep Elf Conjurer began the quest for the Orb.
     0 | D:1      | Reached XP level 1. HP: 10/10 MP: 6/6
   244 | D:1      | Reached XP level 2. HP: 15/15 MP: 2/8
   368 | D:1      | Learned a level 2 spell: Searing Ray
   696 | D:1      | Found Joloeho's Antique Weapon Shop.
  1243 | D:1      | Found a hide-covered altar of Uskayaw.
  1282 | D:1      | Reached skill level 5 in Conjurations
  1282 | D:1      | Reached XP level 3. HP: 19/19 MP: 7/9
  2099 | D:2      | Reached XP level 4. HP: 24/24 MP: 8/10
  2120 | D:2      | Learned a level 4 spell: Fulminant Prism
  2918 | D:2      | Found a faded altar of an unknown god.
  3051 | D:2      | Reached skill level 1 in Hexes
  3589 | D:3      | Noticed a necrophage
  3801 | D:2      | Reached XP level 5. HP: 26/28 MP: 5/11
  4773 | D:3      | Found a runed translucent gate.
  4773 | D:3      | Found a runed translucent gate.
  4773 | D:3      | Found a runed translucent gate.
  4773 | D:3      | Noticed Palms's ghost (amateur BaFi)
  4775 | D:3      | Found a basalt altar of Yredelemnul.
  4789 | D:3      | Reached XP level 6. HP: 31/32 MP: 1/12
  6050 | D:5      | Entered Level 5 of the Dungeon
  6126 | D:5      | Found Poejuck's Weapon Emporium.
  6703 | D:5      | Reached XP level 7. HP: 36/36 MP: 6/13
  6782 | D:5      | Reached skill level 5 in Dodging
  7074 | D:5      | Reached skill level 5 in Hexes
  7677 | D:5      | Found a shimmering altar of Xom.
  7679 | D:5      | Found a shimmering altar of Xom.
  7680 | D:5      | Found a shimmering altar of Xom.
  7686 | D:5      | Found a shimmering altar of Xom.
  7686 | D:5      | Found a shimmering altar of Xom.
  7686 | D:5      | Found a shimmering altar of Xom.
  7686 | D:5      | Found a shimmering altar of Xom.
  7821 | D:6      | Found a staircase to the Ecumenical Temple.
  7833 | D:6      | You fall into a shaft and drop 2 floors!
  7843 | D:8      | Found Laylaf's Weapon Emporium.
  7931 | D:8      | Reached XP level 8. HP: 41/41 MP: 3/14
  8065 | Temple   | Entered the Ecumenical Temple
  8245 | Temple   | Became a worshipper of Sif Muna the Loreminder
  8276 | D:6      | Learned a level 3 spell: Swiftness
  8375 | D:6      | Reached skill level 1 in Air Magic
  8850 | D:6      | Reached skill level 2 in Air Magic
  9135 | D:6      | Reached skill level 3 in Air Magic
  9855 | D:6      | Reached skill level 4 in Air Magic
 10194 | D:3      | Killed Palms's ghost
 10367 | D:3      | Reached * piety under Sif Muna
 10763 | D:7      | Noticed Dowan
 10788 | D:7      | Killed Dowan
 10919 | D:7      | Noticed Duvessa
 11064 | D:7      | Killed Duvessa
 11065 | D:7      | Reached XP level 9. HP: 45/45 MP: 8/16
 11483 | D:6      | Noticed a rust devil
 11483 | D:6      | Noticed a rust devil
 11483 | D:6      | Identified the +12 war axe "Codefytz" {spect, +Blink rPois
                  | Str-3 Dex+2}
 11491 | D:7      | Learned a level 4 spell: Iskenderun's Mystic Blast
 11774 | D:7      | Reached skill level 1 in Translocations
 12454 | D:8      | Found Gozag's Platinum Reserve.
 12456 | D:8      | Found an opulent altar of Gozag.
 13465 | D:9      | Noticed a death yak
 13582 | D:10     | Entered Level 10 of the Dungeon
 13613 | D:10     | Reached skill level 5 in Translocations
 14379 | D:9      | Found a snail-covered altar of Cheibriados.
 14570 | D:9      | Found a staircase to the Lair.
 14572 | D:9      | Noticed a death yak
 14573 | D:9      | Noticed a death yak
 14806 | D:9      | Reached ** piety under Sif Muna
 14807 | D:9      | Reached XP level 10. HP: 47/50 MP: 11/19
 15067 | D:9      | Reached skill level 5 in Spellcasting
 15282 | D:9      | Learned a level 4 spell: Airstrike
 15309 | D:9      | Noticed a death yak
 15309 | D:9      | Noticed a death yak
 15695 | D:10     | Reached skill level 10 in Conjurations
 15826 | D:10     | Reached skill level 5 in Air Magic
 16731 | D:10     | Reached skill level 6 in Air Magic
 17016 | D:10     | Reached skill level 10 in Dodging
 17245 | D:10     | Identified the +1 falchion of the Thing {elec, rC- Int+5}
 17328 | D:10     | Reached skill level 7 in Air Magic
 18052 | D:11     | Noticed a manticore
 18058 | D:11     | Noticed a manticore
 18141 | D:11     | Identified the ring "Tikeyn" {rC+ Will+}
 18249 | D:11     | Noticed a boulder beetle
 18441 | D:11     | Noticed a gargoyle
 18445 | D:11     | Killed a gargoyle
 18561 | D:11     | Killed a manticore
 18562 | D:11     | Reached skill level 1 in Fighting
 18562 | D:11     | Reached XP level 11. HP: 56/56 MP: 8/20
 19708 | D:11     | Reached skill level 8 in Air Magic
 20005 | D:11     | Noticed a boulder beetle
 20825 | D:11     | Killed a boulder beetle
 22042 | D:9      | Noticed a death yak
 22152 | D:8      | Killed a death yak
 22281 | D:9      | Noticed a death yak
 22281 | D:9      | Noticed a death yak
 22282 | D:9      | Noticed a death yak
 22733 | D:9      | Killed a death yak
 22734 | D:9      | Reached skill level 9 in Air Magic
 24390 | D:9      | Killed a death yak
 24757 | D:8      | Killed a death yak
 25702 | D:9      | Killed a death yak
 25708 | D:9      | Killed a death yak
 25709 | D:9      | Reached skill level 10 in Air Magic
 26093 | D:8      | Killed a death yak
 26275 | D:8      | Killed a death yak
 26480 | Lair:1   | Entered Level 1 of the Lair of Beasts
 26919 | D:9      | Killed a death yak
 26920 | D:9      | Reached XP level 12. HP: 50/66 MP: 4/21
 29131 | Lair:1   | Reached skill level 11 in Air Magic
 29454 | Lair:2   | Noticed an eight-headed hydra
 29513 | Lair:2   | Noticed Amaemon
 30136 | Lair:2   | Reached skill level 5 in Fighting
 30158 | Lair:2   | Killed an eight-headed hydra
 30318 | Lair:2   | Killed Amaemon
 30963 | Lair:2   | Reached skill level 12 in Air Magic
 31117 | Lair:2   | Found a staircase to the Swamp.
 31360 | Lair:2   | Reached *** piety under Sif Muna
 32434 | Lair:3   | Found a staircase to the Snake Pit.
 34503 | Lair:4   | Noticed Rupert
 34870 | D:12     | Found a snail-covered altar of Cheibriados.
 34890 | D:12     | Reached skill level 1 in Invocations
 35919 | D:12     | Reached XP level 13. HP: 73/73 MP: 15/27
 36893 | D:12     | Found a staircase to the Orcish Mines.
 37061 | D:12     | Reached skill level 13 in Air Magic
 37712 | Orc:1    | Entered Level 1 of the Orcish Mines
 37971 | Orc:1    | Reached skill level 5 in Invocations
 38133 | Orc:2    | Entered Level 2 of the Orcish Mines
 38291 | Orc:2    | Reached **** piety under Sif Muna
 40286 | Orc:2    | Noticed an orc warlord
 41173 | D:12     | HP: 3/73 [orc knight/+1 heavy great sword (36)]
 41449 | D:12     | Killed an orc warlord
 42008 | Orc:2    | Reached ***** piety under Sif Muna
 42786 | Orc:2    | Found a staircase to the Elven Halls.
 44092 | Orc:2    | Found Zywnaown's Antique Armour Emporium.
 44093 | Orc:2    | Found Beafer's Antique Weapon Emporium.
 44094 | Orc:2    | Found Coiskasyax's General Store.
 44094 | Orc:2    | Found Nimaluaj's Book Shoppe.
 44532 | Orc:2    | Bought Great Wizards, Vol. VII for 480 gold pieces
 44532 | Orc:2    | Bought a book of Lightning for 608 gold pieces
 44538 | Orc:2    | Learned a level 5 spell: Lightning Bolt
 44544 | Orc:2    | Learned a level 5 spell: Yara's Violent Unravelling
 44638 | D:13     | Noticed Nessos
 44638 | D:13     | Found a gate to the Vaults.
 44971 | D:13     | Reached skill level 1 in Transmutations
 46135 | Lair:4   | You fall into a shaft and drop 1 floor!
 46135 | Lair:5   | Entered Level 5 of the Lair of Beasts
 46314 | Lair:4   | Killed Rupert
 46315 | Lair:4   | Reached XP level 14. HP: 78/80 MP: 6/28
 47031 | Snake:1  | Entered Level 1 of the Snake Pit
 48477 | Lair:5   | Found a staircase to the Slime Pits.
 49243 | Lair:5   | Noticed Kirke
 49252 | Lair:5   | Killed Kirke
 50837 | Lair:5   | Reached skill level 10 in Hexes
 51273 | Lair:4   | Received a gift from Sif Muna
 51978 | Lair:5   | Reached skill level 5 in Transmutations
 52796 | Lair:5   | Found a runed translucent door.
 52798 | Lair:5   | Identified the +7 spear "Dragonbane" {flame, rF+ rN++ Str-4
                  | Stlth-}
 52949 | Lair:5   | Noticed Iich's ghost (journeyman HOFi)
 56480 | Swamp:1  | Entered Level 1 of the Swamp
 56485 | Swamp:1  | Reached XP level 15. HP: 84/84 MP: 13/30
 57005 | Lair:2   | Identified 2 scrolls of acquirement
 57005 | Lair:2   | Acquired the +1 cloak of the Unbroken {Will+ Str+3 Dex-2}
 57023 | Lair:2   | Acquired the +0 buckler of Compression {rN+ Will+ Int+2
                  | Dex+2}
 57692 | D:11     | Reached skill level 10 in Spellcasting
 58532 | D:12     | Learned a level 3 spell: Tukima's Dance
 58769 | D:13     | Killed Nessos
 59412 | D:13     | Received a gift from Sif Muna
 59413 | D:13     | Got Sif Muna's Incunable of the Viridian Inferno {god gift}
 62367 | D:14     | Reached skill level 15 in Conjurations
 62760 | D:14     | Identified the +6 morningstar of the Modern Emperors
                  | {drain, Int+4}
 63304 | D:14     | Identified the +2 leather armour of Puesoum {rC++}
 64848 | D:15     | Entered Level 15 of the Dungeon
 65279 | D:15     | Found Uscheot's General Store.
 65344 | D:15     | Reached XP level 16. HP: 96/96 MP: 27/32
 65653 | D:15     | Received a gift from Sif Muna
 65654 | D:15     | Got Sif Muna's Even More Magic {god gift}
 66523 | D:15     | Identified the +2 scimitar of Annoyance {flame, rPois rCorr
                  | MP-9 Dex+5}
 66925 | D:15     | Found a staircase to the Depths.
 69328 | Swamp:1  | Noticed a thorn hunter
 69344 | Swamp:1  | Killed a thorn hunter
 69496 | Swamp:1  | Identified the +8 scimitar "Zuwos" {heavy, rElec Dex+8}
 71560 | Swamp:2  | Reached skill level 10 in Invocations
 71818 | Swamp:2  | Upgraded the game from 0.30-a0-800-g7c544603b3 to
                  | 0.30-a0-840-ga523dec638
 71825 | Swamp:2  | Learned a level 6 spell: Iron Shot
 72053 | Swamp:2  | Reached skill level 1 in Earth Magic
 73152 | Swamp:3  | Identified Roxanne's Anthology of Reconstruction
 73152 | Swamp:3  | Noticed Roxanne
 74467 | Swamp:3  | Reached skill level 5 in Earth Magic
 75717 | Swamp:4  | Entered Level 4 of the Swamp
 76161 | Swamp:4  | Found an opulent altar of Gozag.
 77685 | Swamp:4  | Noticed a thorn hunter
 77689 | Swamp:4  | Killed a thorn hunter
 78144 | Swamp:4  | Reached XP level 17. HP: 100/100 MP: 24/33
 80090 | Swamp:4  | Got a decaying rune of Zot
 80413 | Snake:1  | Reached skill level 1 in Shields
 83099 | Snake:1  | Noticed Agnes
 83194 | Snake:1  | Learned a level 5 spell: Borgnjor's Vile Clutch
 83365 | Snake:1  | Noticed Frances
 83372 | Snake:1  | Killed Frances
 83373 | Snake:1  | Reached skill level 1 in Necromancy
 83570 | Snake:1  | Killed Agnes
 83713 | Snake:1  | Found a shimmering altar of Xom.
 83768 | Snake:1  | You fall into a shaft and drop 1 floor!
 83774 | Snake:2  | Noticed Aizul
 83796 | Snake:2  | Found Hacoiluv's Assorted Antiques.
 84782 | Snake:2  | Received a gift from Sif Muna
 84783 | Snake:2  | Got Fimirchyo's Meditations on Weather and Beckoning {god
                  | gift}
 85091 | Snake:2  | Reached skill level 5 in Necromancy
 85303 | Snake:2  | Killed Aizul
 86887 | Snake:2  | Identified the +2 mace "Globulus" {freeze, rPois Will++
                  | Int-3 Stlth+}
 87231 | Snake:2  | Bought a fluorescent wand for 108 gold pieces
 87277 | Snake:3  | Found a stormy altar of Qazlal.
 88841 | Snake:4  | Entered Level 4 of the Snake Pit
 90312 | Snake:4  | Reached skill level 14 in Air Magic
 90704 | Snake:4  | Noticed Louise
 90709 | Snake:4  | Killed Louise
 91541 | Snake:3  | Reached XP level 18. HP: 14/105 MP: 12/36
 92699 | Snake:4  | Received a gift from Sif Muna
 92700 | Snake:4  | Got Sif Muna's Codex of Charged Blasting {god gift}
 93950 | Snake:4  | Reached skill level 15 in Air Magic
 94894 | Snake:4  | Got a serpentine rune of Zot
 95204 | Elf:1    | Entered Level 1 of the Elven Halls
 96515 | Elf:1    | Found Xuamen's Distillery.
 96523 | Elf:1    | Bought a potion of haste for 120 gold pieces
 96963 | Elf:1    | Paralysed by an air elemental for 1 turns
 98025 | Elf:1    | Upgraded the game from 0.30-a0-840-ga523dec638 to
                  | 0.30-a0-845-g7c6808c8ce
 98326 | Elf:2    | Noticed Donald
 98620 | Elf:2    | Noticed freelancePsychic's ghost (adept HuHW)
 98663 | Elf:2    | Reached skill level 16 in Air Magic
 98922 | Elf:2    | Found Sawkurui's Jewellery Emporium.
 98922 | Elf:2    | Found Daagin's Book Shop.
 98923 | Elf:2    | Found Paoffal's Book Shop.
 98934 | Elf:2    | Bought a book of Dangerous Friends for 720 gold pieces
 99005 | Elf:2    | Found a runed translucent door.
100086 | Elf:2    | Reached skill level 15 in Spellcasting
100304 | Elf:2    | Found a runed translucent gate.
100305 | Elf:2    | Found a runed translucent gate.
100305 | Elf:2    | Found a runed translucent gate.
100472 | Elf:2    | Killed Donald
100596 | Elf:2    | Killed freelancePsychic's ghost
100708 | Elf:3    | Entered Level 3 of the Elven Halls
101114 | Elf:3    | Received a gift from Sif Muna
101115 | Elf:3    | Got Sif Muna's Compendium of the Dynamic Wyrd {god gift}
102304 | Elf:3    | Reached XP level 19. HP: 90/110 MP: 16/40
102925 | Elf:3    | Identified the +6 flail "Killer Bee's Bane" {venom, rF- rN+
                  | Will++ Stlth+}
103456 | Elf:3    | Identified the +6 scale mail of Cheibriados's Hope {Fly rF-
                  | rN+}
103459 | Elf:3    | Identified the ring of the Barracuda {+Blink rC+ Int+6}
103626 | Elf:3    | Identified the +4 broad axe of Nicsufyo {flame, rF+}
103626 | Elf:3    | Identified the amulet of Xom's Ringing Laughter {Faith
                  | rElec Str+2 SInv}
103665 | Elf:3    | Identified the ring of Emyellixt {rPois Int+6 Dex+6 Stlth-}
103783 | Elf:3    | Identified the +1 dire flail of Meh Lien {speed, rPois rF+}
104065 | Elf:3    | Identified the ring of Jaymaoz {AC+4 Dex+3}
104184 | Elf:3    | Learned a level 7 spell: Orb of Destruction
104581 | Elf:3    | Reached skill level 17 in Air Magic
104735 | Elf:3    | Got Sif Muna's Octavo of Overcast Wanderlust
104799 | Elf:3    | Learned a level 6 spell: Conjure Ball Lightning
106289 | Elf:2    | Reached skill level 18 in Air Magic
106643 | Orc:2    | Learned a level 8 spell: Maxwell's Capacitive Coupling
106750 | Depths:1 | Entered Level 1 of the Depths
106753 | Depths:1 | Received a gift from Sif Muna
106989 | Vaults:1 | Entered Level 1 of the Vaults
107208 | Vaults:1 | You fall into a shaft and drop 1 floor!
107757 | Vaults:2 | Demolished by a war gargoyle

Illustrated notes

Levels and vault maps discovered:
D:1:      dpeg_arrival_pond, layout_loops_ring, serial_shops,
          nicolae_diamond_shop, minmay_hexomino_r4
D:2:      minmay_evil_eye, layout_basic, hellmonk_ecumenical_altar_lost_god,
          st_stairs_5, grunt_decor_cap, minmay_goblin_kobold_house
D:3:      layout_basic, nicolae_yredelemnul_ghost_church
D:4:      layout_cave_pools
D:5:      layout_basic, xom_redecorated, serial_shops, shop
D:6:      cheibrodos_iron_armory, layout_loops_cross, minmay_temple_entry_waves,
          hangedman_decor_points
D:7:      layout_rooms, uniq_duvessa
D:8:      layout_loops_ring, nicolae_gozag_zags_fifth_avenue, serial_shops,
          nicolae_shop_bloodbath_and_beyond
D:9:      layout_rooms, chei_slow_surprise, dpeg_lair_monsters, st_stairs_13
D:10:     layout_basic, solitary_fountain
D:11:     layout_basic
D:12:     layout_basic, david_orc_2, kennysheep_diamond, kennysheep_minor_cross,
          minivault_10, st_stairs_7, kennysheep_opposing_triangles
D:13:     layout_cave_pools, david_vaults_3, serial_ice, serial_ice_g,
          serial_ice_i, serial_ice_b, serial_ice_h, serial_ice_d, serial_ice_a,
          serial_ice_n, portal_ice_cave_entry_pillars_1, serial_bayou_pond_e,
          kennysheep_generic_room_4
D:14:     minmay_the_grid_square_5x5_5x5_mashed
          [minmay_the_grid_square_5x5_checkered_statues,
          minmay_the_grid_square_5x5_three_small,
          minmay_the_grid_square_5x5_two, minmay_the_grid_square_5x5_inset,
          minmay_the_grid_square_5x5_dogpile,
          minmay_the_grid_square_5x5_spiral_small,
          minmay_the_grid_square_5x5_prize_itemx, minmay_the_grid_square_5x5_c,
          minmay_the_grid_square_5x5_prize_snowflake,
          minmay_the_grid_square_5x5_inverted_slash,
          minmay_the_grid_square_5x5_corner, minmay_the_grid_square_5x5_minimal,
          minmay_the_grid_square_5x5_prize_monsterx,
          minmay_the_grid_square_5x5_minivault,
          minmay_the_grid_square_5x5_pentomino_r,
          minmay_the_grid_square_5x5_shuriken,
          minmay_the_grid_square_5x5_prize_waves,
          minmay_the_grid_square_5x5_two_walls_b,
          minmay_the_grid_square_5x5_prize_rear_guard,
          minmay_the_grid_square_5x5_tri_point,
          minmay_the_grid_square_5x5_inner_i, minmay_the_grid_square_5x5_empty,
          minmay_the_grid_square_5x5_almost_minimal,
          minmay_the_grid_square_5x5_misaligned,
          minmay_the_grid_square_5x5_six], layout_basic,
          amcnicky_mini_rare_corridor_liquid
D:15:     hangedman_depths_entry_civil_slaughter, layout_long_grid,
          chequers_arboretum, serial_shops, shop, minmay_misc_feat_tower,
          minivault_15
Temple:   regret_index_temple_mists
Lair:1:   layout_hall_layers
Lair:2:   layout_cave_pods, minmay_swamp_entry_reptiles, uniq_amaemon
Lair:3:   layout_long_grid, minmay_snake_entry_six_corridors, serial_forest,
          infiniplex_forest_corner_2, infiniplex_forest_lined_2,
          infiniplex_forest_lined_room_, infiniplex_forest_straight_2,
          infiniplex_forest_straight_2, infiniplex_forest_lined_room_2,
          infiniplex_forest_straight_3, infiniplex_forest_zigzag_1
Lair:4:   onia_ninara_swampy_vault, layout_cave_pods, grunt_megastairs_5,
          uniq_nessos, uniq_rupert
Lair:5:   grunt_lair_end_beastmaster, layout_gridlike,
          minmay_slime_entry_oklob_open, ebering_ghost_funeral_grove,
          nicolae_lair_lil_pond, amcnicky_mini_pool_medium, uniq_kirke
Swamp:1:  layout_basic_swamp, hangedman_swamp_pad
Swamp:2:  layout_basic_swamp, nicolae_swamp_dense_foliage
Swamp:3:  layout_basic_swamp, evilmike_swamp_ruin_house_1, swamp_pool4,
          infiniplex_staircase_pool, uniq_roxanne
Swamp:4:  swamp_icy, layout_basic_swamp, swamp_pool5, nicolae_swamp_godswood
Snake:1:  layout_onion_interference, basic_altar, grunt_megastairs_4,
          uniq_frances, uniq_agnes
Snake:2:  nicolae_aizul_guard, layout_misc_corridors, nicolae_stop_n_shop_1
Snake:3:  layout_onion, basic_altar, serial_bayou_shore_a
Snake:4:  johnstein_snake_rune_scales, layout_chambers, uniq_louise, uniq_aizul
Orc:1:    layout_caves
Orc:2:    st_orc_congregation, layout_diamond_mine
Elf:1:    kennysheep_blocky_room, layout_loops_cross, serial_shops, shop,
          kennysheep_underground_church, st_stairs_8
Elf:2:    nicolae_elf_blades_crystal_corner, layout_loops_cross,
          hellmonk_ghost_happy_afterlife, minmay_misc_feat_columns,
          minmay_shop_grove, uniq_donald
Elf:3:    minmay_elf_hall_statues, layout_geoelf_castle
Vaults:1: ontoclasm_vaults_loading_screen, nicolae_vaults_network_periphery,
          vaults_room_semicircle, ontoclasm_vaults_pinch, vaults_room_corners,
          v_rooms_4, vaults_mumra_chevron, v_misc_32, v_misc_27,
          ontoclasm_vaults_ring_square, ontoclasm_vaults_gateway,
          layout_vaults_quadrants, serial_shops, nicolae_shop_behind_doors
Vaults:2: minmay_crypt_entry_simple_plaza, grunt_vaults_hallway_long,
          nicolae_vaults_theta, nicolae_vaults_gold_heap,
          hangedman_vaults_stretched_pinwheel, hangedman_vaults_maws, v_misc_5,
          v_misc_29, ontoclasm_vaults_idyll, ontoclasm_vaults_loading_screen,
          hangedman_vaults_restitches, v_pattern_2,
          ontoclasm_vaults_loading_screen, layout_vaults_omnicross,
          serial_shops, nicolae_shop_trees, uniq_zenata
Depths:1: layout_cross, enter_ziggurat_e, minmay_misc_feat_cross,
          gammafunk_ghost_split, pf_coc_iceberg, dk_noncrumbling_4,
          hangedman_eye_storm

Skill      XL: |  1  2  3  4  5  6  7  8  9 10 11 12 13 14 15 16 17 18 19 |
---------------+----------------------------------------------------------+-----
Dodging        | 3 4 6 7 9 10 11 13 | 13.9
Conjurations   | 5 6 7 8 9 11 12 13 15 17 | 17.0
Hexes          | 1 3 4 6 7 11 | 11.2
Stealth        | 3 4 |  4.5
Air Magic      | 4 7 10 12 13 14 16 18 | 18.5
Spellcasting   | 4 5 8 9 10 12 15 17 | 17.1
Translocations | 5 |  5.5
Fighting       | 1 4 5 6 9 |  9.7
Invocations    | 2 7 11 12 | 12.5
Transmutations | 2 6 |  6.0
Earth Magic    | 7 9 |  9.4
Shields        | 3 |  3.7
Necromancy     | 8 |  8.0

Action                     |  1- 3 |  4- 6 |  7- 9 | 10-12 | 13-15 | 16-18 | 19-21 || total
---------------------------+-------+-------+-------+-------+-------+-------+-------++-------
  Melee: Dagger            |     1 |     7 |    17 |       |       |       |       ||    25
         Staff             |       |       |     6 |    59 |   377 |    72 |     4 ||   518
         Punch             |       |       |       |     1 |     3 |       |       ||     4
   Cast: Magic Dart        |    75 |    96 |   136 |    63 |   241 |     8 |     6 ||   625
         Searing Ray       |     2 |    24 |    53 |    58 |    14 |       |       ||   151
         Fulminant Prism   |       |       |    34 |   108 |   174 |   127 |     2 ||   445
         Airstrike         |       |       |       |    85 |   360 |   560 |    37 ||  1042
         Swiftness         |       |       |       |    17 |    29 |    12 |       ||    58
         Iskenderun's Myst |       |       |       |    11 |    43 |    29 |     3 ||    86
         Lightning Bolt    |       |       |       |       |    99 |    68 |     9 ||   176
         Tukima's Dance    |       |       |       |       |    17 |     8 |       ||    25
         Yara's Violent Un |       |       |       |       |     5 |    47 |    16 ||    68
         Iron Shot         |       |       |       |       |       |    51 |    22 ||    73
         Borgnjor's Vile C |       |       |       |       |       |   130 |    72 ||   202
         Conjure Ball Ligh |       |       |       |       |       |       |     6 ||     6
         Orb of Destructio |       |       |       |       |       |       |     2 ||     2
         Maxwell's Capacit |       |       |       |       |       |       |     1 ||     1
 Invoke: Forget Spell      |       |       |       |       |     1 |       |       ||     1
         Channel Magic     |       |       |       |       |       |     1 |       ||     1
  Evoke: Wand              |       |       |     2 |     9 |    13 |     5 |       ||    29
         Box of beasts     |       |       |       |       |       |     1 |       ||     1
    Use: Scroll            |     3 |     1 |     9 |     9 |    12 |    11 |     7 ||    52
         Potion            |       |       |     1 |     1 |     2 |     3 |       ||     7
   Stab: Sleeping          |       |     2 |       |       |       |       |       ||     2
 Armour: Robe              |     2 |    10 |    14 |       |    83 |    19 |     9 ||   137
         Skin              |       |       |    12 |       |       |       |       ||    12
         Steam dragon scal |       |       |     4 |    33 |    59 |       |       ||    96
         Leather armour    |       |       |       |    29 |   155 |    70 |       ||   254
  Dodge: Dodged            |     4 |    41 |    65 |   233 |   882 |   387 |    41 ||  1653
  Block: Buckler           |       |       |       |       |    26 |    80 |    12 ||   118

Table legend: (Time is in decaauts)
 A = Elapsed time spent in this place.
 B = Non-inter-level travel time spent in this place.
 C = Inter-level travel time spent in this place.
 D = Time resting spent in this place.
 E = Time spent auto-exploring this place.
 F = Levels seen in this place.
 G = Mean time per level.
                   A        B        C        D        E       F      G
               +--------+--------+--------+--------+--------+-----+--------+
         Total | 108342 |  97927 |  10415 |  59957 |  17878 |  37 | 2928.2 |
       Dungeon |  42565 |  37494 |   5071 |  21536 |   7035 |  15 | 2837.7 |
        Temple |    262 |    176 |     86 |      0 |    155 |   1 |  262.0 |
          Lair |  23075 |  20307 |   2768 |  12111 |   4409 |   5 | 4615.0 |
         Swamp |  11565 |  10876 |    689 |   7691 |   1811 |   4 | 2891.2 |
     Snake Pit |  13477 |  12595 |    882 |   8861 |   2192 |   4 | 3369.2 |
  Orcish Mines |   5171 |   4784 |    387 |   3122 |    516 |   2 | 2585.5 |
   Elven Halls |  11452 |  10958 |    494 |   6219 |   1759 |   3 | 3817.3 |
        Vaults |    767 |    732 |     35 |    417 |      0 |   2 |  383.5 |
        Depths |      5 |      5 |      0 |      0 |      0 |   1 |    5.0 |
               +--------+--------+--------+--------+--------+-----+--------+

Top non-repeatable levels by time:
     D:9: 5524 daAuts
  Lair:2: 5420 daAuts
  Lair:4: 5298 daAuts
  Lair:5: 5297 daAuts
    D:12: 5000 daAuts
    D:14: 4605 daAuts
     D:8: 4314 daAuts
 Snake:4: 4276 daAuts
    D:11: 4235 daAuts
   Elf:2: 3994 daAuts
 Snake:1: 3974 daAuts
   Elf:3: 3894 daAuts
 Swamp:4: 3757 daAuts
  Lair:3: 3579 daAuts
   Elf:1: 3563 daAuts
